 Dungeon Crawl Stone Soup version 0.17.1-3-g152610e (webtiles) character file.

2583 Gargoyl the Ducker (level 9, -1/69 HPs)
             Began as a Demonspawn Abyssal Knight on Mar 10, 2016.
             Was an Elder of Lugonu.
             Killed from afar by a lava snake (14 damage)
             ... with a glob of lava
             ... on level 7 of the Dungeon.
             The game lasted 00:15:44 (8825 turns).

Gargoyl the Ducker (Demonspawn Abyssal Knight)      Turns: 8825, Time: 00:15:44

Health: -1/69      AC: 13    Str: 21    XL:     9   Next: 32%
Magic:  0/11       EV: 11    Int: 14    God:    Lugonu [****..]
Gold:   400        SH:  3    Dex: 12    Spells: 0 memorised, 8 levels left

rFire  . . .     SeeInvis .     m - +0 broad axe
rCold  + + +     Clarity  .     h - +0 ring mail
rNeg   . . .     SustAt   .     u - +0 buckler of Vaimejel {rC++}
rPois  .         Gourm    .     q - +1 helmet
rElec  .         Spirit   +     g - +2 cloak
rCorr  .         Warding  .     (no gloves)
rMut   .         Stasis   .     (no boots)
MR     .....                    (no amulet)
Stlth  ++........               b - ring of protection from cold
                                k - ring of protection from cold

@: mighty, lethally poisoned (-1 -> -7), heavily drained, not resistant to
hostile enchantments, unstealthy
A: hooves 2, yellow scales 2, camouflage 1, powered by pain 1, magic shield
a: Depart the Abyss, Bend Space, Banish, Corrupt, Renounce Religion


You were on level 7 of the Dungeon.
You worshipped Lugonu.
Lugonu was greatly pleased with you.
You were not hungry.

You visited 1 branch of the dungeon, and saw 7 of its levels.
You visited the Abyss 1 time.

You collected 400 gold pieces.

Inventory:

Hand Weapons
 m - a +0 broad axe (weapon)
 r - a cursed -3 flail
 s - a +2 war axe
Missiles
 t - 2 silver tomahawks (quivered)
Armour
 g - a +2 cloak (worn)
 h - a +0 ring mail (worn)
 q - a +1 helmet (worn)
 u - the +0 buckler of Vaimejel (worn) {rC++}
   (You found it on level 5 of the Dungeon)

   It greatly protects you from cold.
Jewellery
 b - a ring of protection from cold (right hand)
 k - a ring of protection from cold (left hand)
 v - an uncursed ring of stealth {unknown}
Wands
 n - a wand of slowing (22)
Scrolls
 e - 3 scrolls of identify
 f - a scroll of recharging
 p - a scroll of teleportation
Potions
 a - a potion of poison
 i - a potion of magic {unknown}
 j - a potion of might
 w - a potion of heal wounds {unknown}
Books
 o - a book of the Sky

   Spells                             Type                      Level
   a - Summon Lightning Spire         Summoning/Air                4
   b - Airstrike                      Air                          4
   c - Silence                        Hexes/Air                    5
   d - Deflect Missiles               Charms/Air                   6
   e - Conjure Ball Lightning         Conjuration/Air              6
   f - Tornado                        Air                          9
Comestibles
 c - 2 bread rations
 d - 2 slices of pizza


   Skills:
 + Level 6.0(3.4) Fighting
 + Level 5.7(3.2) Axes
 + Level 0.3(0.0) Throwing
 + Level 5.2(2.7) Armour
 + Level 6.3(3.7) Dodging
 + Level 3.4(1.0) Stealth
 + Level 1.3(0.0) Shields
 + Level 2.8(0.5) Invocations


You had 8 spell levels left.
You didn't know any spells.

Dungeon Overview and Level Annotations

Branches:
Dungeon (7/15)             Temple (0/1) D:6

Altars:
Ashenzari
Dithmenos
Kikubaaqudgha
Sif Muna
Trog
Xom
Yredelemnul

Shops:
D:5 %


Innate Abilities, Weirdness & Mutations

You have hoof-like feet.
You are mostly covered in yellow scales (AC +3).
You sometimes gain a little power by taking damage.
When hurt, damage is shared between your health and your magic reserves.
Your skin changes colour to match your surroundings (Stealth).


Message History

Press: ? - help, v - describe, . - travel
Here: a lava snake (lava, severely wounded, catching its breath) Some lava.
Drink which item? (? for menu, Esc to quit)
You feel better. The lava snake bites you.
You are engulfed in flames.
* * * LOW HITPOINT WARNING * * *
Drink which item? (? for menu, Esc to quit)
It was a potion of poison.
That liquid tasted very nasty...
You are poisoned.
You feel sick. The lava snake bites you.
* * * LOW HITPOINT WARNING * * *
You are engulfed in flames.
* * * LOW HITPOINT WARNING * * *
Drink which item? (? for menu, Esc to quit)
It was a potion of might.
You feel very mighty all of a sudden.
You feel sick. The lava snake spits lava at you. The glob of lava hits you!
You die...

#.##....
≈§§≈§§..§≈§§≈≈§
#.##....
≈§≈§§§§.≈≈§§§§≈
#.......
≈≈≈≈§≈§.§≈§§§§≈
##......
≈§≈≈≈§§.§≈§≈≈≈#
#......
#≈≈§≈≈..§§§§≈#
#......
#≈≈≈§..§§≈≈#
#...... #§≈§).S≈≈#
#...... #'@#
#...... #..#
#...... #.##
####'## #.# #.# #.#
#.# #.# #.# #.# #.#
#.##############.##
#..................


You could see a lava snake.

Vanquished Creatures
  The ghost of Gargoyl the Covered, a novice DsAK of Lugonu (D:7)
  Pikel (D:6)
  Sigmund (D:4)
  Eustachio (D:6)
  An ice beast (D:3)
  A phantom (D:6)
  3 ogres
  A centaur (D:6)
  A big kobold (D:4)
  A giant frog (D:6)
  An orc priest (D:4)
  4 hounds
  5 worker ants
  An iguana (D:4)
  4 orc wizards
  A killer bee zombie (D:4)
  A worker ant zombie (D:6)
  A hound skeleton (D:3)
  Robin (D:4)
  3 gnolls
  7 adders
  2 adder skeletons
  An adder zombie (D:5)
  3 worms
  3 giant geckos
  16 orcs
  6 bats
  6 giant cockroaches
  12 hobgoblins
  12 jackals
  2 quokkas
  A ball python (D:5)
  A giant gecko skeleton (D:4)
  6 giant newts
  15 goblins
  11 kobolds
  7 rats
145 creatures vanquished.

Vanquished Creatures (others)
  An orc (D:6)
  A giant cockroach (D:6)
  A giant newt (D:6)
  A plant (D:2)
4 creatures vanquished.

Grand Total: 149 creatures vanquished

Notes
Turn   | Place    | Note
--------------------------------------------------------------
     0 | Abyss:1  | Gargoyl the Demonspawn Abyssal Knight began the quest for the Orb.
     0 | Abyss:1  | Reached XP level 1. HP: 18/18 MP: 2/2
    66 | Abyss:1  | Noticed a cacodemon
    66 | Abyss:1  | Gained mutation: Your skin changes colour to match your surroundings (Stealth). [a cacodemon]
    78 | D:1      | Escaped the Abyss
   218 | D:1      | Reached * piety under Lugonu
   451 | D:1      | Gained mutation: You sometimes gain a little power by taking damage. [demonic ancestry]
   451 | D:1      | Reached XP level 2. HP: 24/24 MP: 3/3
   609 | D:1      | Reached skill level 1 in Dodging
  1129 | D:1      | Reached XP level 3. HP: 27/29 MP: 5/5
  2907 | D:2      | Reached ** piety under Lugonu
  2914 | D:2      | Reached XP level 4. HP: 24/35 MP: 6/6
  3539 | D:3      | Reached skill level 1 in Stealth
  3758 | D:3      | Found a bloodstained altar of Trog.
  3787 | D:3      | Noticed an ice beast
  3892 | D:3      | Found a shattered altar of Ashenzari.
  4247 | D:3      | Found a deep blue altar of Sif Muna.
  4247 | D:3      | Found an ancient bone altar of Kikubaaqudgha.
  4309 | D:3      | Gained mutation: You are partially covered in yellow scales (AC +2). [demonic ancestry]
  4309 | D:3      | Reached XP level 5. HP: 34/41 MP: 7/7
  4515 | D:3      | Killed an ice beast
  4942 | D:4      | Noticed Sigmund
  4974 | D:4      | Killed Sigmund
  4974 | D:4      | Reached skill level 4 in Fighting
  4974 | D:4      | Gained mutation: You have large cloven feet. [demonic ancestry]
  4974 | D:4      | Reached XP level 6. HP: 8/48 MP: 8/8
  5520 | D:4      | Gained mutation: When hurt, damage is shared between your health and your magic reserves. [demonic ancestry]
  5520 | D:4      | Reached XP level 7. HP: 42/54 MP: 9/9
  5521 | D:4      | Reached *** piety under Lugonu
  5524 | D:4      | Noticed Robin
  5553 | D:4      | Killed Robin
  5860 | D:4      | Noticed an ogre
  6108 | D:4      | Killed an ogre
  6542 | D:5      | Entered Level 5 of the Dungeon
  6596 | D:5      | Got a faintly humming buckler
  6602 | D:5      | Identified the cursed +0 buckler of Vaimejel {rC++} (You found it on level 5 of the Dungeon)
  6609 | D:5      | Found Xodop's Food Boutique.
  6660 | D:5      | Found a basalt altar of Yredelemnul.
  6846 | D:4      | Reached **** piety under Lugonu
  7038 | D:5      | Reached skill level 5 in Dodging
  7038 | D:5      | Gained mutation: You have hoof-like feet. [demonic ancestry]
  7038 | D:5      | Reached XP level 8. HP: 54/61 MP: 8/10
  7454 | D:6      | Noticed Eustachio
  7630 | D:6      | Found a shadowy altar of Dithmenos.
  7654 | D:6      | Killed Eustachio
  7654 | D:6      | Reached skill level 5 in Fighting
  7662 | D:6      | Found a staircase to the Ecumenical Temple.
  7725 | D:6      | Found a shimmering altar of Xom.
  8080 | D:6      | Found a shimmering altar of Xom.
  8113 | D:6      | Noticed Pikel
  8139 | D:6      | Killed Pikel
  8139 | D:6      | Reached skill level 5 in Axes
  8139 | D:6      | Reached skill level 5 in Armour
  8164 | D:6      | Reached skill level 1 in Shields
  8164 | D:6      | Gained mutation: You are mostly covered in yellow scales (AC +3). [demonic ancestry]
  8164 | D:6      | Reached XP level 9. HP: 57/68 MP: 9/11
  8439 | D:7      | Noticed Gargoyl's ghost (novice DsAK)
  8468 | D:7      | Killed Gargoyl's ghost
  8468 | D:7      | Reached skill level 6 in Fighting
  8825 | D:7      | Killed from afar by a lava snake

Action                   |  1- 3 |  4- 6 |  7- 9 || total
-------------------------+-------+-------+-------++-------
Melee: Hand axe          |   172 |   222 |   204 ||   598
       Broad axe         |       |       |    77 ||    77
       War axe           |       |       |    15 ||    15
Throw: Tomahawk          |       |       |     6 ||     6
Invok: Depart the Abyss  |     1 |       |       ||     1
  Use: Potion            |       |     5 |     3 ||     8
       Scroll            |       |       |    14 ||    14
 Stab: Sleeping          |     4 |     2 |     3 ||     9
  Eat: Bread ration      |     1 |       |     1 ||     2
       Pizza             |     1 |     2 |       ||     3
       Chunk             |       |     7 |     4 ||    11
       Fruit             |       |       |     3 ||     3
